 Dungeon Crawl Stone Soup version 0.29.0-4-gdea44cf6ec (webtiles) character file.

Game seed: 7311376731686525087

93 qw the Chopper (level 4, -7/28 HPs)
             Began as a Gargoyle Fighter on Sept 9, 2022.
             Mangled by a gnoll
             ... wielding a +0 halberd
              (10 damage)
             ... on level 3 of the Dungeon.
             The game lasted 00:01:00 (2186 turns).

qw the Chopper (Gargoyle Fighter)                   Turns: 2186, Time: 00:01:00

Health: -7/28      AC: 19    Str: 19 (21) XL:     4   Next: 61%
Magic:  4/4        EV:  9    Int:  8 (9)  God:
Gold:   101        SH:  4    Dex:  6 (9)  Spells: 3/3 levels left

rFire   . . .      SeeInvis .   Y - +1 war axe (protect)
rCold   . . .      Faith    .   c - +0 buckler
rNeg    + . .      Spirit   .   b - +0 scale mail
rPois   inf        Reflect  .   i - +2 hat
rElec   +          Harm     .   (no cloak)
rCorr   .          Rampage  .   (no gloves)
Will    .....                   (no boots)
Stlth   ..........              (no amulet)
HPRegen 0.09/turn               (no ring)
MPRegen 0.09/turn               (no ring)

@: under a protective aura
A: sickness immunity, AC +3, negative energy resistance 1, electricity
resistance, torment resistance 1, petrification resistance
a: no special abilities


You were on level 3 of the Dungeon.
You visited 1 branch of the dungeon, and saw 3 of its levels.

You collected 101 gold pieces.


Innate Abilities, Weirdness & Mutations

You are immune to sickness and miasma.
Your stone body is resilient. (AC +3)
You are immune to poison.
You resist negative energy. (rN+)
You are resistant to electric shocks. (rElec)
You are resistant to unholy torment.
You are immune to petrification.


   Skills:
 - Level 3.2 Fighting
 + Level 4.2 Axes
 - Level 3.2 Armour
 - Level 3.2 Shields


You had 3 spell levels left.
You didn't know any spells.
Your spell library was empty.

Inventory:

Hand Weapons
 j - a +0 mace
 Y - a +1 war axe of protection (weapon)
Armour
 b - a +0 scale mail (worn)
 c - a +0 buckler (worn)
 i - a +2 hat (worn)
Scrolls
 e - a scroll of identify
Potions
 d - a potion of might
 f - a potion of brilliance {unknown}
 h - a potion of lignification {unknown}
 k - a potion of curing {unknown}

Dungeon Overview and Level Annotations

Branches:
Dungeon (3/15)

Altars:

Annotations:
D:3 Jessica


Message History

2180 ||| Stepping ~*~*~tactically~*~*~ (hiding).
You rip the net and break free!
The gnoll hits you but does no damage. The kobold hits you but does no damage.
The gnoll closely misses you.
You closely miss the kobold. The gnoll barely misses you. The gnoll misses you.
The kobold hits you but does no damage.
You barely miss Jessica. You closely miss the kobold.
Jessica hits you but does no damage. The gnoll hits you but does no damage.
You block the gnoll's attack. The kobold hits you but does no damage.
You closely miss Jessica. You closely miss the kobold.
The gnoll barely misses you. You block the gnoll's attack.
The kobold hits you but does no damage. Jessica closely misses you.
A gnoll comes into view. It is wielding a +0 club.
Jessica gestures wildly while chanting.
Jessica seems to speed up.
The gnoll closely misses you. The kobold hits you but does no damage.
You hit Jessica.
Your weapon exudes an aura of protection.
Jessica is heavily wounded.
You barely miss the kobold. Jessica hits you with a +0 dagger.
The gnoll hits you from afar with a +0 halberd.
The gnoll barely misses you. The kobold hits you but does no damage.
Jessica hits you but does no damage.
You hit Jessica.
Jessica is severely wounded.
You hit the kobold.
You kill the kobold!
Jessica hits you but does no damage. The gnoll closely misses you.
The gnoll hits you but does no damage.
A worm comes into view.
Jessica gestures at you while chanting. You resist with some effort.
You barely miss Jessica.
Jessica is severely wounded.
The gnoll hits you but does no damage. The gnoll closely misses you.
Jessica hits you with a +0 dagger.
The gnoll hits you from afar with a +0 halberd!
You die...

## .. ###w###
#################.......
............# ....g... #
###########.# #.#gg. ...
#.###.#?#[....
#.....@@......
#####.#)....##
#.#....... #...#...8.
#####.._.. .[8. ... #..


You could see a worm, 3 gnolls and Jessica (fast).

Vanquished Creatures
  3 adders (D:2)
  A worm (D:2)
  2 dart slugs
  6 endoplasms
  3 giant cockroaches
  7 goblins
  2 hobgoblins
  6 jackals (D:1)
  3 quokkas
  3 ball pythons
  9 bats
  A frilled lizard (D:1)
  3 kobolds
  6 rats
55 creatures vanquished.

Notes
Turn   | Place    | Note
-------+----------+-------------------------------------------
     0 | D:1      | qw the Gargoyle Fighter began the quest for the Orb.
     0 | D:1      | Reached XP level 1. HP: 14/14 MP: 1/1
     0 | D:1      | 0 ||| qw: Version: 0.1-a-113-g051387a
     0 | D:1      | 0 ||| qw: Game counter: 7252
     0 | D:1      | 0 ||| qw: Always use a shield: true
     0 | D:1      | 0 ||| qw: God list: Okawaru
     0 | D:1      | 0 ||| qw: Allow faded altars: false
     0 | D:1      | 0 ||| qw: Do Orc after D:15 true
     0 | D:1      | 0 ||| qw: Do second Lair branch before Depths: true
     0 | D:1      | 0 ||| qw: Lair rune preference: random
     0 | D:1      | 0 ||| qw: Plans: Normal, Zot, God:TSO, Crypt, Tomb, Zig,
                  | Orb
     0 | D:1      | 0 ||| PLANNING D:1-11
    81 | D:1      | Reached skill level 2 in Axes
   218 | D:1      | Reached XP level 2. HP: 19/19 MP: 2/2
   315 | D:1      | 315 ||| Stepping ~*~*~tactically~*~*~ (stealth).
   504 | D:1      | 504 ||| Stepping ~*~*~tactically~*~*~ (stealth).
   537 | D:1      | 537 ||| Stepping ~*~*~tactically~*~*~ (stealth).
   544 | D:1      | Reached skill level 3 in Axes
   571 | D:1      | Reached XP level 3. HP: 23/23 MP: 3/3
   679 | D:1      | 679 ||| Stepping ~*~*~tactically~*~*~ (stealth).
  1035 | D:1      | 1035 ||| READING scroll labelled XIEFUC WASOERE.
  1038 | D:1      | 1038 ||| READING scroll labelled ZIMEUM GEDE.
  1039 | D:1      | 1039 ||| READING scroll labelled POOBLI YRUCI.
  1040 | D:1      | 1040 ||| READING scroll labelled UDIFIM UXAO.
  1041 | D:1      | 1041 ||| READING scroll labelled QEICWY SARUIF.
  1042 | D:1      | 1042 ||| READING scroll labelled RAETRU ICUDD.
  1043 | D:1      | 1043 ||| DRINKING 2 dark potions.
  1044 | D:1      | 1044 ||| DROPPING potion of flight.
  1298 | D:2      | Reached XP level 4. HP: 28/28 MP: 4/4
  1367 | D:2      | Reached skill level 4 in Axes
  2088 | D:2      | 2088 ||| UPGRADING to +2 hat.
  2093 | D:2      | 2093 ||| READING scroll labelled PUEXKI IPHIKKI.
  2094 | D:2      | 2094 ||| DRINKING 2 coppery potions.
  2095 | D:2      | 2095 ||| DROPPING potion of degeneration.
  2169 | D:3      | 2169 ||| Stepping ~*~*~tactically~*~*~ (stealth).
  2171 | D:3      | Found a faded altar of an unknown god.
  2171 | D:3      | Noticed Jessica
  2172 | D:3      | 2172 ||| Stepping ~*~*~tactically~*~*~ (hiding).
  2173 | D:3      | 2173 ||| Stepping ~*~*~tactically~*~*~ (hiding).
  2178 | D:3      | 2178 ||| Stepping ~*~*~tactically~*~*~ (hiding).
  2179 | D:3      | 2179 ||| Stepping ~*~*~tactically~*~*~ (hiding).
  2180 | D:3      | 2180 ||| Stepping ~*~*~tactically~*~*~ (hiding).
  2184 | D:3      | HP: 6/28 [gnoll/+0 halberd (6)]
  2186 | D:3      | Mangled by a gnoll

Levels and vault maps discovered:
D:1:      zaba_arrival_water, layout_loops_cross, chequers_serial_rivers_micro_c
D:2:      layout_basic
D:3:      layout_basic, nzn_wu_jian_contemplation,
          dreamdust_ecumenical_altar_statues, uniq_jessica, uniq_natasha

Skill      XL: |  1  2  3  4 |
---------------+-------------+-----
Axes           | 2 3 4 |  4.2
Fighting       | |  3.2
Armour         | |  3.2
Shields        | |  3.2

Action                   |  1- 3 |  4- 6 || total
-------------------------+-------+-------++-------
Melee: War axe           |   121 |    55 ||   176
  Use: Scroll            |     6 |     1 ||     7
       Potion            |     1 |     1 ||     2
Armor: Scale mail        |    95 |    40 ||   135
Dodge: Dodged            |    78 |    27 ||   105
Block: Buckler           |    31 |     7 ||    38

Table legend:
 A = Non-vault XP
 B = Vault XP
 C = Vault XP percentage of total XP
 D = Non-vault monster count
 E = Vault monster count
 F = Vault count percentage of total count
                 A         B        C        D         E       F
            +---------+---------+-------+---------+---------+-------
      Total |     133 |       0 |   0.0 |      55 |       0 |   0.0
            +---------+---------+-------+---------+---------+-------
        D:1 |      51 |       0 |   0.0 |      30 |       0 |   0.0
        D:2 |      74 |       0 |   0.0 |      21 |       0 |   0.0
        D:3 |       8 |       0 |   0.0 |       4 |       0 |   0.0
            +---------+---------+-------+---------+---------+-------
